 Dungeon Crawl Stone Soup version 0.28-a0-823-gb444dcf96d (webtiles) character file.

Game seed: 6792807977624571156

90929 Zenkrye the Basher (level 15, -6/128 HPs)
             Began as a Palentonga Abyssal Knight on Nov 8, 2021.
             Was a High Priest of Lugonu.
             Shot with a sling bullet by a satyr (27 damage)
             ... on level 2 of the Shoals on Nov 9, 2021.
             The game lasted 01:50:31 (26971 turns).

Zenkrye the Basher (Palentonga Abyssal Knight)     Turns: 26971, Time: 01:50:31

Health: -6/128     AC: 31    Str: 21    XL:     15   Next: 53%
Magic:  25/25      EV:  6    Int: 10    God:    Lugonu [*****.]
Gold:   108        SH: 16    Dex: 13    Spells: 14/14 levels left

rFire   + . .      SeeInvis +   Q - +2 morningstar (protect)
rCold   . . .      Faith    .   y - +0 kite shield
rNeg    . . .      Spirit   .   L - +4 plate armour {rF+}
rPois   .          Reflect  +   P - +0 helmet
rElec   .          Harm     .   W - +2 cloak
rCorr   .          Rampage  .   T - +2 pair of gloves
Will    ++...                   (no barding)
Stlth   ..........              f - amulet of reflection
HPRegen 0.31/turn               b - ring of willpower
MPRegen 0.19/turn               A - ring of flight

@: flying, curled up
A: large, rugged brown scales 3, see invisible, deformed body, roll 1, armoured
tail, reflexive curl
a: Rolling Charge, Renounce Religion, Depart the Abyss, Bend Space, Banish,
Corrupt, Enter the Abyss


You were on level 2 of the Shoals.
You worshipped Lugonu.
Lugonu was extremely pleased with you.
You visited 4 branches of the dungeon, and saw 24 of its levels.
You visited the Abyss 2 times.
You also visited: Bailey.

You collected 2528 gold pieces.
You spent 2420 gold pieces at shops.

Inventory:

Hand Weapons
 s - the +10 whip of Unijiru {antimagic, *Slow rF++ rCorr Str+4 Dex+3}
   (You bought it in a shop on level 8 of the Dungeon)

   It reduces the magical energy of the wielder, and disrupts the spells and
   magical abilities of those it strikes.
   Natural abilities and divine invocations are not affected.
   Str:       It affects your strength (+4).
   Dex:       It affects your dexterity (+3).
   rF:        It greatly protects you from fire.
   rCorr:     It protects you from acid and corrosion.
   *Slow:     It may slow you when you take damage.
 u - a +0 hunting sling {@w2}
 J - a +1 flail of holy wrath
 Q - a +2 morningstar of protection (weapon)
Missiles
 k - 12 atropa-tipped darts
 v - 69 boomerangs (quivered)
 B - 6 boomerangs of dispersal
 D - 3 throwing nets {!f}
 M - 6 curare-tipped darts
Armour
 d - the +0 buckler "Filel" {Dex+3}
   (You bought it in a shop on level 12 of the Dungeon)

   Dex:       It affects your dexterity (+3).
 y - a +0 kite shield (worn)
 L - a +4 plate armour of fire resistance (worn)
 P - a +0 helmet (worn)
 T - a +2 pair of gloves (worn)
 W - a +2 cloak (worn)
Jewellery
 b - a ring of willpower (left hand)
 c - a ring of protection from cold
 f - an amulet of reflection (around neck)
 h - an amulet of regeneration
 A - a ring of flight (right hand)
Wands
 a - a wand of iceblast (26) {@v4}
 e - a wand of digging (9) {@v1}
 j - a wand of acid (13) {@v2}
 w - a wand of mindburst (30)
 I - a wand of polymorph (14)
 S - a wand of paralysis (23)
 U - a wand of charming (8)
 Z - a wand of flame (38)
Scrolls
 g - 5 scrolls of enchant armour
 i - 10 scrolls of identify {@r1}
 l - 3 scrolls of holy word
 m - 3 scrolls of enchant weapon
 n - 9 scrolls of teleportation {@r3}
 q - 7 scrolls of magic mapping
 x - 4 scrolls of fog
 F - 4 scrolls of blinking {@r4}
 O - 3 scrolls of immolation
 V - a scroll of summoning
Potions
 o - 2 potions of might {@q4}
 p - 4 potions of haste {@q3}
 r - a potion of brilliance
 t - a potion of lignification {unknown}
 z - a potion of flight
 C - a potion of ambrosia
 G - a potion of invisibility
 K - 2 potions of mutation
 N - 3 potions of curing {@q1}
Miscellaneous
 X - a condenser vane
 Y - a phial of floods


   Skills:
 + Level 11.8 Fighting
 + Level 14.5 Maces & Flails
 + Level 9.7 Armour
 + Level 3.3 Dodging
 * Level 9.8 Shields
 + Level 14.4 Invocations
 - Level 5.0 Evocations


You had 14 spell levels left.
You didn't know any spells.
Your spell library contained the following spells:

 Spells                   Type           Power      Damage    Failure   Level
 Freeze                   Ice            0%         1d3       99%         1
 Magic Dart               Conj           0%         1d3       99%         1
 Corpse Rot               Necr/Air       0%         N/A       100%        2
 Ensorcelled Hibernation  Hex/Ice        0%         N/A       100%        2
 Poisonous Vapours        Pois/Air       0%         N/A       100%        2
 Searing Ray              Conj           0%         2d4       100%        2
 Sublimation of Blood     Necr           0%         N/A       100%        2
 Dazzling Flash           Conj/Hex       0%         N/A       100%        3
 Frozen Ramparts          Ice            0%         1d2       100%        3
 Gell's Gravitas          Tloc           0%         N/A       100%        3
 Spider Form              Tmut/Pois      0%         N/A       100%        3
 Summon Guardian Golem    Hex/Summ       0%         N/A       100%        3
 Teleport Other           Tloc           0%         N/A       100%        3
 Tukima's Dance           Hex            0%         N/A       100%        3
 Vampiric Draining        Necr           0%         2d6       100%        3
 Animate Armour           Summ/Erth      0%         N/A       100%        4
 Fulminant Prism          Conj/Hex       0%         3d6       100%        4
 Hailstorm                Conj/Ice       0%         3d3       100%        4
 Iskenderun's Mystic Bla  Conj/Tloc      0%         2d3       100%        4
 Petrify                  Tmut/Erth      0%         N/A       100%        4
 Summon Ice Beast         Ice/Summ       0%         N/A       100%        4
 Summon Lightning Spire   Summ/Air       0%         N/A       100%        4
 Blade Hands              Tmut           0%         N/A       100%        5
 Irradiate                Conj/Tmut      0%         3d13      100%        5
 Summon Mana Viper        Hex/Summ       0%         N/A       100%        5
 Dispersal                Tloc           0%         N/A       100%        6
 Iron Shot                Conj/Erth      0%         9d1       100%        6
 Starburst                Conj/Fire      0%         6d3       100%        6
 Monstrous Menagerie      Summ           0%         N/A       100%        7
 Orb of Destruction       Conj           0%         N/A       100%        7
 Spellforged Servitor     Conj/Summ      0%         N/A       100%        7
 Storm Form               Tmut/Air       0%         N/A       100%        7
 Maxwell's Capacitive Co  Air            0%         ∞         100%        8


Dungeon Overview and Level Annotations

Branches:
Dungeon (15/15) Temple (0/1) D:7 Lair (4/6) D:11 Shoals (3/4) Lair:2 Spider (0/4) Lair:3 Orc (2/2) D:11 Elf (0/3) Orc:2 Vaults (0/5) D:13 D:14 Depths (0/4) D:15 Bailey (visited)

Altars:
Fedhas
Gozag
Qazlal
Beogh

Shops:
D:8 (   D:12 *   Orc:2 *([*=

Annotations:
D:2 1 runed translucent door, Crazy Yiuf
D:7 3 runed translucent doors, bande's ghost, amateur GrFi
D:12 2 transporters, Chaicat's ghost, journeyman MiBe
D:13 Rupert
Abyss:1 Harold


Innate Abilities, Weirdness & Mutations

You are completely covered in rugged brown scales. (AC +3, +7% HP)
You have supernaturally acute eyesight. (SInv)
Armour fits poorly on your strangely shaped body.
You can roll at nearby foes to attack.
You have a long armoured tail.
You curl defensively after being hit. (AC +7*)


Message History

The merfolk impaler hits you with a +1 trident of pain.
A merfolk siren comes into view. It is wielding a +0 trident.
You puncture the merfolk impaler! You tail-slap the merfolk impaler.
The merfolk impaler is severely wounded.
You block the merfolk impaler's attack.
The merfolk impaler hits you with a +1 trident of pain.
* * * LOW HITPOINT WARNING * * *
The merfolk siren chants a haunting song.
You resist with almost no effort. You block the water elemental's attack.
You puncture the merfolk impaler!
The merfolk impaler is almost dead.
You block the merfolk impaler's attack. x2
The merfolk siren chants a haunting song.
You resist with some effort. The water elemental barely misses you.
The merfolk impaler hits you from afar with a +0 trident.
* * * LOW HITPOINT WARNING * * *
Space bends sharply around you!
The water elemental blinks!
You blink.
The merfolk impaler closely misses you.
The merfolk impaler hits you but does no damage.
You writhe in agony.
* * * LOW HITPOINT WARNING * * *
As you read the scroll of teleportation {@r3}, it crumbles to dust.
You feel strangely unstable.
The merfolk impaler hits you but does no damage. x2
You writhe in agony.
* * * LOW HITPOINT WARNING * * *
The merfolk impaler hits you from afar with a +1 trident of pain.
* * * LOW HITPOINT WARNING * * *
You block the merfolk impaler's attack.
The merfolk impaler hits you but does no damage.
You writhe in agony.
* * * LOW HITPOINT WARNING * * *
You block the merfolk impaler's attack. x2
Your surroundings suddenly seem different. 3 fauns and a satyr come into view.
The satyr shouts!
The faun shouts! x3
A faun comes into view. It is wielding a +0 club.
The satyr unwields a +0 club.
The satyr wields a +0 fustibalus.
The satyr shoots a sling bullet.
The sling bullet hits you!!
You die...

≈≈≈≈≈≈≈c≈≈≈≈≈..
≈≈≈≈≈≈c≈≈≈≈≈≈≈.
≈≈≈≈≈≈ccc≈≈≈≈≈≈
≈≈≈≈≈≈≈≈≈≈≈≈≈≈≈
≈≈≈≈≈≈≈≈≈≈≈≈≈≈≈
≈≈≈≈≈≈≈≈≈≈≈≈≈≈≈
≈≈≈≈≈≈≈≈≈≈≈≈≈≈≈
≈≈≈≈≈≈≈@≈≈≈≈≈≈≈
≈≈≈≈≈≈≈≈≈≈≈≈≈≈≈
≈≈≈≈≈≈≈≈≈≈≈≈≈≈≈
≈≈≈≈≈≈≈≈≈≈≈≈≈≈≈
≈≈≈≈≈≈≈≈≈≈≈≈≈≈≈
≈≈≈≈≈≈≈≈≈≈≈≈≈≈≈
≈≈≈≈≈≈≈≈≈≈≈≈≈≈≈
###############


You could see a satyr and 4 fauns.

Vanquished Creatures
  An orc warlord (Orc:2)
  Josephine (D:12)
  6 hydras
  2 boulder beetles
  9 centaur warriors
  A two-headed ogre (D:12)
  2 merfolk aquamancers
  2 death yaks (Lair:3)
  A vampire mage (D:15)
  A titan zombie (D:15)
  Urug (D:13)
  3 orc high priests (Orc:2)
  Nergalle (D:12)
  2 skeletal warriors (D:15)
  A sea snake (shapeshifter) (D:13)
  An orc knight (Orc:2)
  2 sea snakes (Shoals:2)
  A lindwurm (Lair:3)
  A necromancer (D:15)
  A wizard (D:14)
  A harpy (shapeshifter) (D:14)
  8 orc sorcerers
  9 cyclopes
  12 ugly things
  3 manticores
  4 black mambas
  A spriggan zombie (D:15)
  An elephant (Lair:3)
  4 merfolk sirens
  9 cane toads
  5 water nymphs
  A stone giant skeleton (D:15)
  An unseen horror (D:12)
  A gargoyle (D:14)
  3 rime drakes
  A yaktaur (D:15)
  9 komodo dragons
  A kobold demonologist (D:11)
  2 tengu conjurers
  7 merfolk
  8 trolls
  6 meliai
  2 polar bears (Lair:3)
  A snapping turtle (Shoals:1)
  11 blink frogs
  4 slime creatures (D:13)
  2 dream sheep (Lair:3)
  4 redbacks (Lair:3)
  Sigmund (D:3)
  An ettin skeleton (D:15)
  5 wyverns
  3 water elementals (Shoals:3)
  A shadow (D:9)
  16 humans (D:13)
  5 basilisks
  5 wraiths
  4 fire bats (D:9)
  A steam dragon (D:8)
  32 yaks
  9 vampire mosquitoes
  2 wargs (Orc:1)
  2 acid dragons
  11 water moccasins
  A hell hound (D:9)
  3 sky beasts
  2 ice beasts
  2 black bears
  A hornet zombie (D:5)
  39 orc warriors
  2 necrophages (D:4)
  8 ogres
  6 wolves
  17 centaurs
  10 bullfrogs
  5 kobold brigands
  4 scorpions
  A gnoll sergeant (D:8)
  A water moccasin zombie (D:5)
  A wyvern skeleton (D:5)
  2 water moccasin skeletons
  9 killer bees
  2 electric eels (D:15)
  4 wights (D:7)
  A lava snake (D:12)
  3 centaur zombies
  2 howler monkeys
  4 bullfrog zombies
  4 jellies
  2 hounds
  38 orc priests
  An iron imp (Abyss:1)
  3 centaur skeletons
  4 iguanas
  Ijyb (D:4)
  45 orc wizards
  12 hell rats
  A killer bee zombie (D:8)
  3 howler monkey zombies
  Robin (D:3)
  A howler monkey skeleton (D:7)
  4 gnolls
  16 river rats
  8 adders
  A white imp (D:6)
  4 worms
  2 dart slugs (D:1)
  110 orcs
  4 bats
  5 endoplasms
  5 giant cockroaches
  17 goblins
  5 hobgoblins
  7 jackals
  19 kobolds
  8 quokkas
  6 ball pythons
  3 frilled lizards
  20 rats
749 creatures vanquished.

Vanquished Creatures (others)
  4 orc warriors (Bailey)
  An orc wizard (D:6)
  2 orcs
  2 goblins (Bailey)
  A hobgoblin (Bailey)
  4 kobolds (Bailey)
  17 fungi
  51 plants
  6 starspawn tentacles (Bailey)
  6 tentacles (Shoals:1)
  10 withered plants (D:15)
104 creatures vanquished.

Grand Total: 853 creatures vanquished

Notes
Turn   | Place    | Note
-------+----------+-------------------------------------------
     0 | Abyss:1  | Zenkrye the Palentonga Abyssal Knight began the quest for
                  | the Orb.
     0 | Abyss:1  | Reached XP level 1. HP: 19/19 MP: 2/2
    75 | Abyss:1  | Noticed an earth elemental
    76 | D:1      | Escaped the Abyss
   299 | D:1      | Reached XP level 2. HP: 17/25 MP: 3/3
   648 | D:1      | Reached * piety under Lugonu
  1156 | D:2      | Reached XP level 3. HP: 31/31 MP: 4/4
  1582 | D:2      | Found a runed translucent door.
  1583 | D:2      | Noticed Crazy Yiuf
  1860 | D:3      | Reached XP level 4. HP: 15/37 MP: 6/6
  2162 | D:3      | Reached ** piety under Lugonu
  2199 | D:3      | Reached XP level 5. HP: 43/43 MP: 7/7
  2236 | D:3      | You fall into a shaft and drop 3 floors!
  2236 | D:6      | Noticed an orc warrior
  2237 | D:6      | Noticed a sky beast
  2335 | D:5      | Entered Level 5 of the Dungeon
  2356 | D:5      | Reached skill level 5 in Maces & Flails
  2400 | D:5      | Noticed an ogre
  2423 | D:4      | Noticed a sky beast
  2451 | D:3      | Noticed Sigmund
  2653 | D:3      | Noticed Robin
  2656 | D:3      | Killed Robin
  2657 | D:3      | Reached XP level 6. HP: 50/50 MP: 9/9
  2931 | D:3      | Killed Sigmund
  3022 | D:4      | Reached skill level 5 in Invocations
  3022 | D:4      | Gained mutation: You curl defensively after being hit. (AC
                  | +7*) [Palentonga growth]
  3022 | D:4      | Reached XP level 7. HP: 52/55 MP: 10/10
  3318 | D:4      | Reached *** piety under Lugonu
  3319 | D:4      | Reached XP level 8. HP: 52/62 MP: 12/12
  3603 | D:4      | Noticed Ijyb
  3610 | D:4      | Killed Ijyb
  4679 | D:5      | Reached XP level 9. HP: 67/67 MP: 14/14
  4820 | D:5      | Reached **** piety under Lugonu
  4821 | D:5      | Reached skill level 10 in Maces & Flails
  5444 | D:6      | You fall into a shaft and drop 3 floors!
  5511 | D:9      | Noticed Harold
  5710 | D:9      | Banished Harold
  5711 | D:9      | Reached XP level 10. HP: 34/78 MP: 7/16
  5908 | D:7      | Found a flagged portal.
  5928 | Bailey   | Entered a bailey
  5975 | Bailey   | Reached skill level 5 in Fighting
  6017 | Bailey   | Corrupted Bailey
  6017 | Bailey   | Noticed a thrashing horror
  6017 | Bailey   | Noticed a smoke demon
  6017 | Bailey   | Noticed a spatial maelstrom
  6017 | Bailey   | Noticed a tentacled starspawn
  6017 | Bailey   | Noticed a smoke demon
  6017 | Bailey   | Noticed a purple very ugly thing
  6017 | Bailey   | Noticed a starcursed mass
  6017 | Bailey   | Noticed a white very ugly thing
  6017 | Bailey   | Noticed a revenant
  6017 | Bailey   | Noticed a smoke demon
  6017 | Bailey   | Noticed a large abomination
  6017 | Bailey   | Noticed an orange demon
  6017 | Bailey   | Noticed a large abomination
  6017 | Bailey   | Noticed a tentacled starspawn
  6017 | Bailey   | Noticed a worldbinder
  6018 | Bailey   | Noticed a deep elf sorcerer
  6018 | Bailey   | Noticed a thrashing horror
  6022 | Bailey   | Noticed a rakshasa
  6034 | Bailey   | Noticed a rust devil
  6034 | Bailey   | Noticed a cyan very ugly thing
  6036 | Bailey   | Noticed a tentacled starspawn
  6040 | Bailey   | Noticed a large abomination
  6040 | Bailey   | Noticed a guardian serpent
  6061 | Bailey   | Noticed a rakshasa
  6062 | Bailey   | Noticed a tentacled starspawn
  6067 | Bailey   | Noticed a sun demon
  6366 | D:7      | Found a staircase to the Ecumenical Temple.
  6404 | D:7      | Found a runed translucent gate.
  6412 | D:7      | Noticed bande's ghost (amateur GrFi)
  6413 | D:7      | Found a runed translucent gate.
  6413 | D:7      | Found a runed translucent gate.
  6425 | D:7      | Identified the +1 leather armour of the Tanner {Str-5
                  | Int+4}
  6543 | D:7      | Reached skill level 1 in Evocations
  7183 | D:7      | Found an opulent altar of Gozag.
  7519 | D:8      | Found Dyosax's Antique Weapon Emporium.
  7545 | D:8      | Bought a bloodstained whip for 217 gold pieces
  7545 | D:8      | Identified the +10 whip of Unijiru {antimagic, *Slow rF++
                  | rCorr Str+4 Dex+3} (You bought it in a shop on level 8 of
                  | the Dungeon)
  8058 | D:9      | Reached skill level 1 in Shields
  8663 | D:9      | Reached XP level 11. HP: 82/86 MP: 6/18
  8755 | D:10     | Entered Level 10 of the Dungeon
  8943 | D:8      | Bought a glowing flail for 188 gold pieces
  9137 | D:10     | Reached skill level 5 in Armour
  9137 | D:10     | Reached skill level 10 in Invocations
  9911 | D:11     | Noticed a two-headed ogre
  9911 | D:11     | Noticed a two-headed ogre
  9912 | D:11     | Noticed an orc knight
  9914 | D:10     | Banished a two-headed ogre
 10004 | D:11     | Noticed a four-headed hydra
 10006 | D:11     | Banished a four-headed hydra
 10094 | D:11     | Noticed a catoblepas
 10107 | D:11     | HP: 2/89 [manticore/volley of spikes (18)]
 10645 | D:11     | Found a staircase to the Lair.
 11187 | D:11     | Found a blossoming altar of Fedhas.
 11253 | D:11     | Found a staircase to the Orcish Mines.
 11283 | D:11     | Reached XP level 12. HP: 98/98 MP: 20/20
 11588 | Lair:1   | Entered Level 1 of the Lair of Beasts
 11610 | Lair:1   | Noticed a six-headed hydra
 11612 | Lair:1   | Banished a six-headed hydra
 11853 | Lair:1   | Noticed a six-headed hydra
 11855 | Lair:1   | Banished a six-headed hydra
 12545 | Lair:2   | Noticed Sonja
 12546 | Lair:2   | Noticed Sonja
 12546 | Lair:2   | Sonja changed into Sonja the blink frog
 12560 | Lair:1   | Killed Sonja the blink frog
 12889 | Lair:2   | Noticed an eight-headed hydra
 12898 | Lair:2   | Banished an eight-headed hydra
 12899 | Lair:2   | Reached skill level 5 in Shields
 13372 | Lair:2   | Found a staircase to the Shoals.
 14219 | Lair:3   | Found a hole to the Spider Nest.
 14588 | Lair:3   | Noticed a five-headed hydra
 14594 | Lair:3   | Banished a five-headed hydra
 14801 | Lair:3   | Reached XP level 13. HP: 28/108 MP: 17/22
 15220 | Lair:3   | Reached ***** piety under Lugonu
 16709 | Orc:1    | Entered Level 1 of the Orcish Mines
 17004 | Orc:2    | Entered Level 2 of the Orcish Mines
 17004 | Orc:2    | Found a staircase to the Elven Halls.
 18166 | Orc:2    | Reached skill level 10 in Fighting
 18552 | Orc:2    | Noticed an orc warlord
 18879 | Orc:2    | Found Haes Ruach's Overcharged Wands.
 18955 | Orc:2    | Banished an orc warlord
 18956 | Orc:2    | Reached XP level 14. HP: 57/117 MP: 18/23
 19719 | Orc:2    | Reached skill level 5 in Evocations
 19800 | Orc:2    | Noticed an orc warlord
 19833 | Orc:2    | Killed an orc warlord
 19932 | Orc:2    | Upgraded the game from 0.28-a0-819-g6ef7baa362 to
                  | 0.28-a0-823-gb444dcf96d
 20042 | Orc:2    | Found Fuurarim's General Store.
 20043 | Orc:2    | Found Neatof's Jewellery Shop.
 20045 | Orc:2    | Found Utwuwn's Antique Armour Shop.
 20045 | Orc:2    | Found Evulobadgh's Antique Weapon Boutique.
 20256 | Orc:2    | Bought a glowing morningstar for 245 gold pieces
 20270 | Orc:2    | Bought a potion of heal wounds for 65 gold pieces
 20270 | Orc:2    | Bought a potion of heal wounds for 65 gold pieces
 20270 | Orc:2    | Bought a +2 cloak for 214 gold pieces
 20285 | Orc:2    | Bought 2 potions of haste for 260 gold pieces
 20285 | Orc:2    | Bought a scroll of blinking for 97 gold pieces
 20425 | D:12     | Noticed Nergalle
 20442 | D:12     | Killed Nergalle
 20568 | D:12     | Noticed Josephine
 20620 | D:12     | Killed Josephine
 20820 | D:12     | Noticed Chaicat's ghost (journeyman MiBe)
 20823 | D:12     | Found a transporter.
 20972 | D:12     | Found a transporter.
 21369 | D:12     | Found Iczeobb's General Store.
 21398 | D:12     | Bought a scroll of teleportation for 45 gold pieces
 21398 | D:12     | Bought a scroll of teleportation for 45 gold pieces
 21398 | D:12     | Bought the +0 buckler "Filel" {Dex+3} for 267 gold pieces
 22238 | D:14     | Noticed Rupert
 22238 | D:14     | Found a gate to the Vaults.
 22266 | D:14     | Noticed Urug
 22283 | D:13     | Reached skill level 1 in Dodging
 22459 | D:14     | Paralysed by Rupert for 5 turns
 22519 | D:13     | Killed Urug
 22574 | Abyss:1  | Found a basalt altar of Yredelemnul.
 22728 | Abyss:1  | Noticed an Executioner
 22728 | D:14     | Escaped the Abyss
 23504 | D:15     | Entered Level 15 of the Dungeon
 23655 | D:14     | Reached XP level 15. HP: 114/127 MP: 25/25
 23971 | D:15     | Found a stormy altar of Qazlal.
 23981 | D:15     | Identified the +2 robe "Ydoroutacin" {rC- Int+3 Dex+4}
 24003 | D:15     | Got Theurgy in Simple Steps
 24710 | D:15     | Found a staircase to the Depths.
 25238 | Shoals:1 | Entered Level 1 of the Shoals
 25636 | Orc:2    | Bought a ring of flight for 262 gold pieces
 25636 | Orc:2    | Bought an amulet of reflection for 450 gold pieces
 25893 | Shoals:1 | Noticed a kraken
 26971 | Shoals:2 | Shot with a sling bullet by a satyr

Illustrated notes

Levels and vault maps discovered:
D:1:      amcnicky_arrival_flooded_fountain, layout_loops_ring,
          serial_bayou_pond_e
D:2:      layout_loops_ring, uniq_crazy_yiuf_cottage
D:3:      layout_loops_ring, uniq_sigmund, uniq_robin
D:4:      layout_basic, uniq_ijyb
D:5:      lemuel_ratsnest, layout_basic, st_stairs_11, minmay_bent
D:6:      layout_loops_ring, minmay_diced_spiral
D:7:      layout_basic, grunt_gozag_statues, minmay_temple_entry_gardened_gates,
          gammafunk_ghost_split, enter_bailey_6, minmay_puff
D:8:      layout_cave_pools, serial_shops, shop
D:9:      layout_cave_pools, grunt_decor_fettered, hangedman_incinerator,
          uniq_harold
D:10:     layout_basic, corexii_leaking_fountain
D:11:     minmay_inside_and_out, layout_basic, minmay_lair_entry_grove,
          david_orc_2, fedhas_altar_4
D:12:     layout_gridville, gammafunk_ghost_arena, serial_shops,
          nicolae_inconvenience_store, kennysheep_crisscross, uniq_josephine,
          uniq_nergalle
D:13:     layout_rooms, st_stairs_3
D:14:     layout_stronghold, david_vaults_3, chequers_serial_rivers_small_3,
          serial_column_ruins, column_ruins_square_huge,
          column_ruins_columns_straight, column_ruins_corridor_dead_end,
          column_ruins_open_medium_water, column_ruins_open_medium,
          column_ruins_columns_straight
D:15:     gammafunk_depths_entry_grave, layout_rooms, serial_bayou,
          serial_bayou_pond_e, serial_bayou_pond_d, serial_bayou_pond_d,
          serial_bayou_pond_c, hangedman_decor_clover_reticule,
          nicolae_qazlal_scattered_showers
Lair:1:   layout_loops_ring, grunt_megastairs_1
Lair:2:   layout_roguey, elwin_shoals_entry_rooms, kennysheep_abandoned_house,
          lemuel_fruit_tree, uniq_sonja
Lair:3:   nzn_winding_woodlands_stair_cross [nzn_winding_woodlands_5x15_twine,
          nzn_winding_woodlands_center_triple_pond,
          nzn_winding_woodlands_5x15_jagged,
          nzn_winding_woodlands_5x5_checkerboard,
          nzn_winding_woodlands_5x5_open_star,
          nzn_winding_woodlands_5x15_sidewinder,
          nzn_winding_woodlands_center_pierced_h,
          nzn_winding_woodlands_5x15_garden], layout_regular_city,
          spider_nest_entry_webs
Lair:4:   layout_regular_city, lookout_lair_type
Shoals:1: nicolae_shoals_mermall, layout_shoals, nicolae_shoals_enchanted_isle,
          uniq_kirke
Shoals:2: layout_shoals, nicolae_shoals_lost_giant_amphitheater
Shoals:3: layout_shoals, nicolae_shoals_this_corrosion, uniq_aizul
Orc:1:    layout_caves
Orc:2:    st_orc_congregation, layout_caves, basic_altar,
          nicolae_shop_overcharged_wands

Skill      XL: |  1  2  3  4  5  6  7  8  9 10 11 12 13 14 15 |
---------------+----------------------------------------------+-----
Maces & Flails | 3 4 5 6 7 9 11 12 13 14 | 14.5
Invocations    | 3 4 5 6 7 8 9 10 12 13 14 | 14.4
Armour         | 3 4 6 7 8 9 |  9.7
Fighting       | 4 6 7 9 10 11 | 11.8
Evocations     | 3 4 5 |  5.0
Shields        | 1 4 5 7 9 |  9.8
Dodging        | 2 3 |  3.3

Action                   |  1- 3 |  4- 6 |  7- 9 | 10-12 | 13-15 || total
-------------------------+-------+-------+-------+-------+-------++-------
Melee: Mace              |   109 |    23 |       |       |       ||   132
       Tailslap          |     8 |    17 |    57 |   165 |   380 ||   627
       Flail             |       |   115 |   415 |  1039 |   962 ||  2531
       Whip              |       |       |       |    26 |    31 ||    57
       Dagger            |       |       |       |    16 |       ||    16
       Morningstar       |       |       |       |       |   720 ||   720
Throw: Boomerang         |       |     3 |     4 |    85 |   149 ||   241
       Dart              |       |       |    37 |     1 |       ||    38
Invok: Depart the Abyss  |     1 |       |       |       |     1 ||     2
       Bend Space        |       |     4 |     1 |     4 |     8 ||    17
       Banish            |       |       |     6 |    21 |    16 ||    43
       Corrupt           |       |       |       |     1 |       ||     1
       Enter the Abyss   |       |       |       |       |     1 ||     1
 Abil: Rolling Charge    |     5 |     4 |     3 |    16 |    27 ||    55
Evoke: Wand              |       |       |       |     7 |    17 ||    24
       Phial of floods   |       |       |       |       |     1 ||     1
       Condenser vane    |       |       |       |       |     1 ||     1
  Use: Scroll            |     5 |     2 |     9 |    11 |     4 ||    31
       Potion            |       |     1 |     1 |     6 |     9 ||    17
Armor: Ring mail         |    59 |    45 |       |       |       ||   104
       Chain mail        |       |    32 |   213 |   636 |   273 ||  1154
       Plate armour      |       |       |       |       |  1146 ||  1146
Dodge: Dodged            |    52 |    59 |    82 |   269 |   444 ||   906
Block: Buckler           |       |       |       |       |   204 ||   204
       Kite shield       |       |       |       |       |   105 ||   105
       Reflection        |       |       |       |       |     5 ||     5

Table legend: (Time is in decaauts)
 A = Elapsed time spent in this place.
 B = Non-inter-level travel time spent in this place.
 C = Inter-level travel time spent in this place.
 D = Time resting spent in this place.
 E = Time spent auto-exploring this place.
 F = Levels seen in this place.
 G = Mean time per level.
                   A        B        C        D        E       F      G
               +--------+--------+--------+--------+--------+-----+--------+
         Total |  26526 |  24612 |   1914 |   4222 |  13442 |  27 |  982.4 |
       Dungeon |  15739 |  14618 |   1121 |   1768 |   8686 |  15 | 1049.3 |
          Lair |   5222 |   4799 |    423 |    574 |   3271 |   4 | 1305.5 |
        Shoals |   1268 |   1239 |     29 |    783 |    145 |   3 |  422.7 |
  Orcish Mines |   3673 |   3334 |    339 |   1023 |   1123 |   2 | 1836.5 |
         Abyss |    237 |    237 |      0 |     66 |    101 |   2 |  118.5 |
        Bailey |    385 |    385 |      0 |      7 |    115 |   1 |  385.0 |
               +--------+--------+--------+--------+--------+-----+--------+

Top non-repeatable levels by time:
   Orc:2: 2126 daAuts
    D:11: 1858 daAuts
  Lair:3: 1777 daAuts
   Orc:1: 1546 daAuts
  Lair:2: 1431 daAuts
    D:14: 1198 daAuts
    D:12: 1193 daAuts
     D:9: 1178 daAuts
  Lair:1: 1116 daAuts
     D:5: 1111 daAuts
    D:10: 1068 daAuts
     D:1: 1056 daAuts
    D:15: 1055 daAuts
     D:6: 980 daAuts
    D:13: 978 daAuts
